 Dungeon Crawl Stone Soup version 0.18-a0-1577-gf591c28 (console) character file.

79 Liam the Conjurer (level 4, -1/24 HPs)
             Began as a Deep Elf Conjurer on Mar 17, 2016.
             Slain by a scorpion (4 damage)
             ... on level 4 of the Dungeon.
             The game lasted 00:05:39 (1955 turns).

Liam the Conjurer (Deep Elf Conjurer)               Turns: 1955, Time: 00:05:39

Health: -1/24      AC:  3    Str:  5    XL:     4   Next: 16%
Magic:  9/13       EV: 13    Int: 26    God:
Gold:   120        SH:  0    Dex: 15    Spells: 1 memorised, 12 levels left

rFire  + . .     SeeInvis .     (no weapon)
rCold  + . .     Gourm    .     s - +0 robe (curse)
rNeg   . . .     Faith    .     (no shield)
rPois  +         Spirit   .     (no helmet)
rElec  +         Dismiss  .     f - +0 cloak
rCorr  +         Reflect  .     (no gloves)
SustAt .         Harm     .     (no boots)
MR     .....                    m - amulet of magic regeneration
Stlth  ++........               (no ring)
                                (no ring)

@: brilliant, lethally poisoned (-1 -> -7), resistant, not resistant to hostile
enchantments, unstealthy
A: no striking features
a: no special abilities


You were on level 4 of the Dungeon.
You were hungry.

You visited 1 branch of the dungeon, and saw 4 of its levels.

You collected 120 gold pieces.

Inventory:

Armour
 a - a +0 robe
 f - a +0 cloak (worn)
 s - a cursed +0 robe (worn)
Jewellery
 m - an amulet of magic regeneration (around neck)
Wands
 l - a wand of lightning (6/15)
Scrolls
 e - 3 scrolls of enchant weapon {unknown}
 h - 2 scrolls of amnesia {unknown}
 i - a scroll of fog {unknown}
 n - a scroll of remove curse {unknown}
 q - 3 scrolls of identify {unknown}
 r - a scroll of enchant armour {unknown}
Potions
 k - a potion of heal wounds {unknown}
 o - a potion of magic {unknown}
 p - a potion of berserk rage {unknown}
Books
 b - a book of Conjurations

   Spells                             Type                      Level
   a - Magic Dart                     Conjuration                  1
   b - Searing Ray                    Conjuration                  2
   c - Dazzling Spray                 Conjuration/Hexes            3
   d - Fulminant Prism                Conjuration/Hexes            4
   e - Iskenderun's Mystic Blast      Conjuration                  4
   f - Iskenderun's Battlesphere      Conjuration/Charms           5
Comestibles
 c - 2 bread rations
 d - 2 meat rations


   Skills:
 - Level 2.4 Dodging
 - Level 2.4 Stealth
 + Level 5.1 Spellcasting
 + Level 5.2 Conjurations


You had 12 spell levels left.
You knew the following spells:

 Your Spells              Type           Power        Failure   Level  Hunger
a - Magic Dart            Conj           ####         1%          1    None


Dungeon Overview and Level Annotations

Branches:
Dungeon (4/15)
 Temple: D:4-7

Altars:
Kikubaaqudgha
Okawaru


Message History

Aiming: Magic Dart
Press: ? - help, Shift-Dir - straight line, f/p - scorpion
Aim: a scorpion (severely wounded)
Okay, then.
Drink which item? (? for menu, Esc to quit)
Okay, then.
Casting: Magic Dart
Confirm with . or Enter, or press ? or * to list all spells.
You don't know that spell.
Drink which item? (? for menu, Esc to quit)
It was a potion of brilliance.
You feel clever all of a sudden.
* * * LOW HITPOINT WARNING * * *
You feel sick. The scorpion stings you.
* * * LOW HITPOINT WARNING * * *
Drink which item? (? for menu, Esc to quit)
It was a potion of resistance.
You feel protected. The scorpion stings you.
You die...

..( .....####.###..##
..# .?
.......##.###...#### #
#.#
...##...##.##.......<...
#.#..
..#.....#..#.###.....#.
.#.## . ...._.......#
#.....#. ... ..
#.....#....# ###.....
#.# #.##...##.#.##
#.###. #.# #.........#.#
#..... #<#
.#.....@...#.# ####.#
#.# .......s.....# #.#
#.# .##....##....... #.#
#.. ....... ...####.#
#.# #.# ###.... #.## #
#.# #.# #.#.# #.# #.#
... ..... #.# #.# #.#
.##.## .. #.# .


You could see a scorpion.

Vanquished Creatures
  An adder (D:2)
  A worm (D:3)
  2 giant geckos (D:2)
  An orc (D:3)
  4 giant cockroaches
  4 goblins
  7 hobgoblins
  18 kobolds
  3 quokkas
  8 bats
  3 giant newts
  9 rats
61 creatures vanquished.

Notes
Turn   | Place    | Note
--------------------------------------------------------------
     0 | D:1      | Liam the Deep Elf Conjurer began the quest for the Orb.
     0 | D:1      | Reached XP level 1. HP: 10/10 MP: 6/6
   284 | D:1      | Reached XP level 2. HP: 15/15 MP: 3/8
   894 | D:2      | Reached XP level 3. HP: 19/19 MP: 2/10
   967 | D:2      | Reached skill level 5 in Conjurations
  1049 | D:2      | Found an ancient bone altar of Kikubaaqudgha.
  1528 | D:3      | Reached skill level 5 in Spellcasting
  1528 | D:3      | Reached XP level 4. HP: 24/24 MP: 5/13
  1938 | D:4      | Found an iron altar of Okawaru.
  1955 | D:4      | Slain by a scorpion

Vault maps used:
D:1:      minmay_arrival_four_houses
D:2:      nicolae_overflow_crystal_walls
D:3:      lexackson_kobold_supper
D:4:      marbit_many_paths, okawaru_gym_becter, makhleb_heckhound_becter

Skill      XL: |  1  2  3 |
---------------+----------+-----
Spellcasting   | 4 5 |  5.1
Conjurations   | 5 |  5.2
Dodging        | |  2.4
Stealth        | |  2.4

Action                   |  1- 3 |  4- 6 || total
-------------------------+-------+-------++-------
 Cast: Magic Dart        |   101 |    20 ||   121
  Use: Potion            |       |     2 ||     2
  Eat: Chunk             |     2 |       ||     2
